 Dungeon Crawl Stone Soup version 0.16-a0-282-ga87e286 (webtiles) character file.

7696 Johnny the Nimble (level 11, -1/80 (84) HPs)
             Began as a Human Berserker on Aug 27, 2014.
             Was an Elder of Trog.
             Slain by a tentacled monstrosity (6 damage)
             ... summoned by a giant orange brain
             ... on Level 1 of the Abyss.
             The game lasted 00:46:54 (9463 turns).

Johnny the Nimble (Human Berserker)                 Turns: 9463, Time: 00:46:54

HP  -1/80 (84)   AC 17     Str 19      XL: 11   Next: 42%
MP  11/11        EV 17     Int  9 (11) God: Trog [****..]
Gold 304         SH 11     Dex 14      Spells:  0 memorised, 10 levels left

rFire  + . .     SeeInvis .     p - +5 hammer of Mnarhoni {freeze, rC+ rN+}
rCold  + . .     Clarity  .     B - +1 ring mail {rF+}
rNeg   + + .     rCorr    .     k - +0 shield
rPois  .         rRot     .     t - +2 hat
rElec  .         Spirit   .     r - +0 cloak
SustAb .         Warding  +     q - +2 pair of gloves
rMut   .         Stasis   .     (no boots)
Gourm  .                        K - brooch of Shielding {Ward rN+ AC+4 EV+4}
MR     ++...                    T - ring of wizardry
                                M - +3 ring of intelligence

@: exhausted, very slightly contaminated, regenerating, slowed, constricted,
invisible, very slow, very resistant to hostile enchantments, very unstealthy
A: thin metallic scales 1, deformed body, deterioration 1
a: Burn Spellbooks, Berserk, Trog's Hand, Brothers in Arms, Renounce Religion


You were on level 1 of the Abyss.
You worshipped Trog.
Trog was greatly pleased with you.
You were not hungry.

You visited 1 branch of the dungeon, and saw 10 of its levels.
You visited the Abyss 1 time.

You collected 398 gold pieces.
You spent 94 gold pieces at shops.

Inventory:

Hand weapons
 p - the +5 hammer of Mnarhoni (weapon) {freeze, rC+ rN+}
   (You found it on level 4 of the Dungeon)

   It has been specially enchanted to freeze those struck by it, causing extra
   injury to most foes and up to double damage against particularly susceptible
   opponents.
   It can also slow down cold-blooded creatures.
   It protects you from cold.
   It protects you from negative energy.
 z - a cursed +1 flail
 D - a +1 morningstar of protection
 O - a +1 mace of crushing
Armour
 k - a +0 shield (worn)
 q - a +2 pair of gloves (worn)
 r - a +0 cloak (worn)
 t - a +2 hat (worn)
 B - a +1 ring mail of fire resistance (worn)
Magical devices
 o - a wand of magic darts (0)
 s - a wand of random effects (4)
 v - a wand of lightning (11) {unknown}
 x - a wand of digging (8)
 A - a wand of slowing (9)
 F - a wand of draining (5)
 N - a wand of disintegration (5) {unknown}
 Y - a wand of cold (7) {unknown}
Comestibles
 c - 5 bread rations
 h - 2 meat rations
 J - a fruit
 P - 3 beef jerkies
 S - 7 slices of pizza
Scrolls
 d - 3 scrolls of blinking
 i - 3 scrolls of magic mapping
 n - 5 scrolls of remove curse
 w - 4 scrolls of fog
 y - a scroll of enchant armour {unknown}
 G - 2 scrolls of enchant weapon {unknown}
 H - a scroll of teleportation {unknown}
 V - a scroll of random uselessness {unknown}
Jewellery
 g - an uncursed amulet of resist mutation
 m - an uncursed amulet of clarity
 K - the brooch of Shielding (around neck) {Ward rN+ AC+4 EV+4}
   (You found it on level 5 of the Dungeon)

   [amulet of warding]

   It may prevent the melee attacks of summoned creatures.
   It affects your AC (+4).
   It affects your evasion (+4).
   It protects you from negative energy.
 M - a +3 ring of intelligence (left hand)
 Q - the amulet of Mavafiugi {Clar Str-3 Dex+3}
   (You found it on level 6 of the Dungeon)

   [amulet of clarity]

   It provides mental clarity.
   It affects your strength (-3).
   It affects your dexterity (+3).
 T - a ring of wizardry (right hand)
Potions
 b - a potion of magic
 e - 7 potions of curing
 f - a potion of resistance {unknown}
 j - a potion of invisibility
 l - 3 potions of flight
 C - a potion of restore abilities {unknown}
 E - a potion of brilliance {unknown}
 I - a potion of might {unknown}
 L - 2 potions of lignification {unknown}
 R - a potion of confusion {unknown}
 U - 2 potions of agility {unknown}
 Z - a potion of porridge


   Skills:
 + Level 7.0 Fighting
 + Level 8.7 Maces & Flails
 + Level 5.9 Armour
 + Level 8.8 Dodging
 + Level 1.6 Stealth
 + Level 8.7 Shields
 + Level 0.4 Evocations


You had 10 spell levels left.
You didn't know any spells.

Dungeon Overview and Level Annotations

Branches:
Dungeon (10/15)            Temple (0/1) D:5
    Orc: D:9-12        Lair: D:8-11

Altars:
Ashenzari
Cheibriados
Dithmenos
Fedhas
Kikubaaqudgha
Makhleb
Qazlal
Trog
Vehumet
Xom
Yredelemnul

Shops:
D:4 *}

Annotations:
D:10 Sonja


Innate Abilities, Weirdness & Mutations

You are partially covered in thin metallic scales (AC +2).
Armour fits poorly on your strangely shaped body.
Your body is slowly deteriorating.


Message History

The tentacled monstrosity tentacle-slaps you.
* * * LOW HITPOINT WARNING * * *
The tentacled monstrosity constricts you.
Use which ability? (? or * to list)
Okay, then.
Evoke which item? (* to show all) (? for menu, Esc to quit)
Okay, then.
Drink which item? (? for menu, Esc to quit)
You feel extremely strange.
Your body twists and deforms.
Thin metallic scales grow over part of your body.
You feel yourself wasting away.
It was a potion of mutation.
The tentacled monstrosity tentacle-slaps you!
* * * LOW HITPOINT WARNING * * *
The tentacled monstrosity tentacle-slaps you.
* * * LOW HITPOINT WARNING * * *
The tentacled monstrosity tentacle-slaps you.
* * * LOW HITPOINT WARNING * * *
You die...

## ## # #
###. .. ...#
###.##.####..
# #)#55 # ..#
)#
#.53##..#....
#
#55##X.....#
#X###......#
#@##.#ยง. .#
# #.##. #. ##
# #.####.3x..
#.# #..G#.#
#### ##....##
# # .X### .
## x.# # ##
#. . .'....


You could see a tentacled monstrosity, a ynoxinul and 5 ufetubi.

Vanquished Creatures
  Gastronok (D:10)
  The ghost of dartonias the Bludgeoner, a powerful OgBe of Trog (D:10)
  Joseph (D:9)
  A gargoyle (D:10)
  Psyche (D:9)
  Grinder (D:6)
  A ynoxinul (Abyss:1)
  Eustachio (D:4)
  A human (D:7)
  A hippogriff (D:8)
  The ghost of SkaryMonk the Slasher, an average OpAr of Qazlal (D:4)
  A phantom (D:10)
  An ice beast (D:10)
  5 orc warriors
  2 necrophages (D:9)
  3 centaurs
  An ice dragon simulacrum (Abyss:1)
  A sky beast (D:4)
  2 giant frogs (D:10)
  2 big kobolds
  Blork the orc (D:4)
  3 scorpions
  12 wights
  9 killer bees
  A troll skeleton (D:9)
  A hippogriff skeleton (D:8)
  8 crimson imps
  A centaur zombie (D:9)
  2 jellies
  2 hounds
  Crazy Yiuf (D:4)
  2 iron imps (D:4)
  6 orc wizards
  An iguana (D:5)
  4 orc priests
  6 worker ants
  4 sheep (D:7)
  Ijyb (D:4)
  Jessica (D:3)
  An ogre skeleton (D:7)
  Terence (D:2)
  A hound skeleton (D:4)
  8 adders
  6 gnolls
  A shadow imp (D:4)
  2 worms
  2 ufetubi
  2 orc zombies
  An adder skeleton (D:4)
  2 giant geckos
  2 oozes
  28 orcs
  3 ball pythons
  A bat skeleton (D:4)
  A bat zombie (D:2)
  8 giant cockroaches
  10 hobgoblins
  2 jackals (D:2)
  4 quokkas
  13 bats
  4 giant newts
  10 goblins
  A hobgoblin zombie (D:6)
  17 kobolds
  A kobold skeleton (D:4)
  3 orc skeletons
  12 rats
  4 ballistomycetes (D:10)
246 creatures vanquished.

Vanquished Creatures (others)
  A wizard (D:7)
  A giant spore (D:10)
2 creatures vanquished.

Grand Total: 248 creatures vanquished

Notes
Turn   | Place    | Note
--------------------------------------------------------------
     0 | D:1      | Johnny, the Human Berserker, began the quest for the Orb.
     0 | D:1      | Reached XP level 1. HP: 18/18 MP: 1/1
   140 | D:1      | Reached XP level 2. HP: 22/24 MP: 2/2
   361 | D:1      | Reached XP level 3. HP: 25/29 MP: 3/3
   887 | D:2      | Found a snail-covered altar of Cheibriados.
   889 | D:2      | Found a stormy altar of Qazlal.
   956 | D:2      | Acquired Trog's second power
  1158 | D:2      | Reached XP level 4. HP: 20/35 MP: 4/4
  1352 | D:2      | Noticed Terence
  1364 | D:2      | Killed Terence
  1802 | D:2      | Found a shimmering altar of Xom.
  1955 | D:2      | Found an ancient bone altar of Kikubaaqudgha.
  2041 | D:3      | Noticed Jessica
  2046 | D:3      | Killed Jessica
  2046 | D:3      | Reached XP level 5. HP: 42/42 MP: 5/5
  2236 | D:3      | Reached skill level 1 in Shields
  2357 | D:3      | Reached skill level 4 in Maces & Flails
  2968 | D:4      | Reached XP level 6. HP: 41/48 MP: 6/6
  3006 | D:4      | Found Scho Tuko's Assorted Antiques.
  3120 | D:4      | Got a fine hammer
  3121 | D:4      | Identified the +5 hammer of Mnarhoni {freeze, rC+ rN+} (You found it on level 4 of the Dungeon)
  3157 | D:4      | Noticed Blork the orc
  3169 | D:4      | Killed Blork the orc
  3253 | D:4      | Noticed a sky beast
  3271 | D:4      | Killed a sky beast
  3271 | D:4      | Reached XP level 7. HP: 43/53 MP: 7/7
  3328 | D:4      | Bought a pair of embroidered gloves for 94 gold pieces
  3374 | D:4      | Noticed Eustachio
  3407 | D:4      | Killed Eustachio
  3419 | D:4      | Noticed SkaryMonk's ghost (average OpAr)
  3425 | D:4      | Killed SkaryMonk's ghost
  3429 | D:4      | Found Prus' Gadget Shoppe.
  3542 | D:4      | Found a shimmering altar of Xom.
  3557 | D:4      | Reached skill level 5 in Maces & Flails
  3557 | D:4      | Reached XP level 8. HP: 61/61 MP: 8/8
  3628 | D:4      | Noticed Ijyb
  3636 | D:4      | Killed Ijyb
  3759 | D:4      | Noticed Crazy Yiuf
  3763 | D:4      | Killed Crazy Yiuf
  3812 | D:5      | Entered Level 5 of the Dungeon
  4114 | D:5      | Found a staircase to the Ecumenical Temple.
  4289 | D:5      | Found a burning altar of Makhleb.
  4290 | D:5      | Found a radiant altar of Vehumet.
  4332 | D:5      | Found a basalt altar of Yredelemnul.
  4435 | D:6      | Reached skill level 5 in Dodging
  4484 | D:6      | Noticed Grinder
  4490 | D:6      | Paralysed by Grinder for 5 turns
  4500 | D:6      | Paralysed by Grinder for 2 turns
  4509 | D:6      | Killed Grinder
  4718 | D:6      | Reached skill level 5 in Shields
  4783 | D:6      | Reached skill level 5 in Fighting
  4783 | D:6      | Reached XP level 9. HP: 29/68 MP: 9/9
  5000 | D:6      | Got a heavily runed bronze amulet
  5152 | D:6      | Found a blossoming altar of Fedhas.
  5494 | D:7      | Reached skill level 6 in Maces & Flails
  5601 | D:7      | Acquired Trog's third power
  5866 | D:7      | Identified the amulet of Mavafiugi {Clar Str-3 Dex+3} (You found it on level 6 of the Dungeon)
  5958 | D:7      | Found a shattered altar of Ashenzari.
  6012 | D:7      | Received a gift from Trog
  6047 | D:7      | Found a shadowy altar of Dithmenos.
  6543 | D:7      | Found a bloodstained altar of Trog.
  6543 | D:7      | Noticed a wizard
  6550 | D:7      | Killed a wizard
  6981 | D:8      | Reached skill level 1 in Stealth
  6998 | D:8      | Reached XP level 10. HP: 72/76 MP: 10/10
  7191 | D:8      | Reached skill level 7 in Maces & Flails
  7228 | D:8      | Reached skill level 5 in Armour
  7642 | D:9      | Noticed Joseph
  7672 | D:9      | Killed Joseph
  7860 | D:9      | Noticed Psyche
  7876 | D:9      | Killed Psyche
  8080 | D:10     | Entered Level 10 of the Dungeon
  8174 | D:10     | Noticed dartonias' ghost (powerful OgBe)
  8207 | D:10     | Killed dartonias' ghost
  8207 | D:10     | Reached skill level 8 in Maces & Flails
  8285 | D:10     | Noticed Gastronok
  8307 | D:10     | Killed Gastronok
  8307 | D:10     | Reached XP level 11. HP: 79/79 MP: 11/11
  8379 | D:10     | Noticed a gargoyle
  8394 | D:10     | Killed a gargoyle
  9251 | D:10     | Noticed Sonja
  9262 | D:10     | Cast into the Abyss (Sonja)
  9430 | Abyss:1  | Noticed a giant orange brain
  9434 | Abyss:1  | Noticed a tentacled monstrosity
  9459 | Abyss:1  | HP: 2/80 [tentacled monstrosity[a giant orange brain] (9)]
  9463 | Abyss:1  | Gained mutation: Armour fits poorly on your strangely shaped body. [potion of mutation]
  9463 | Abyss:1  | Gained mutation: You are partially covered in thin metallic scales (AC +2). [potion of mutation]
  9463 | Abyss:1  | Gained mutation: Your body is slowly deteriorating. [potion of mutation]
  9463 | Abyss:1  | Slain by a tentacled monstrosity

Action                   |  1- 3 |  4- 6 |  7- 9 | 10-12 || total
-------------------------+-------+-------+-------+-------++-------
Melee: Mace              |    65 |   214 |       |       ||   279
       Hammer            |       |    16 |   341 |   317 ||   674
       Morningstar       |       |       |       |    30 ||    30
Invok: Berserk           |     3 |     4 |     4 |     7 ||    18
       Burn Spellbooks   |       |     1 |     1 |       ||     2
       Trog's Hand       |       |       |     3 |     7 ||    10
Evoke: Wand              |       |       |     4 |       ||     4
  Use: Potion            |     1 |       |       |     8 ||     9
       Scroll            |       |     4 |     3 |     4 ||    11
 Stab: Distracted        |       |       |       |     1 ||     1
  Eat: Chunk             |     3 |     8 |    12 |     7 ||    30
       Pizza             |       |     1 |       |     1 ||     2
       Bread ration      |       |     1 |       |     1 ||     2
       Beef jerky        |       |     1 |       |       ||     1
       Fruit             |       |       |     1 |     1 ||     2
       Meat ration       |       |       |       |     1 ||     1
